 Dungeon Crawl Stone Soup version 0.26.1-11-gd32895ea62 (webtiles) character file.

Game seed: 14401162591427016418

198 SirKnigget the Firebug (level 5, 0/39 HPs)
             Began as a Draconian Fire Elementalist on June 28, 2021.
             Succumbed to a scorpion's poison
             ... on level 2 of the Dungeon.
             The game lasted 00:22:34 (3888 turns).

SirKnigget the Firebug (DrFE)                       Turns: 3888, Time: 00:22:35

Health: 0/39       AC:  6    Str: 10    XL:     5   Next: 47%
Magic:  1/9        EV: 12    Int: 17    God:
Gold:   213        SH:  0    Dex:  9    Spells: 3/10 levels left

rFire    . . .     SeeInvis +   (no weapon)
rCold    + . .     Faith    .   (no shield)
rNeg     . . .     Spirit   .   (armour unavailable)
rPois    .         Reflect  .   (helmet restricted)
rElec    .         Harm     .   p - +0 cloak
rCorr    .         Rampage  .   (no gloves)
Will     +....                  (no boots)
Stlth    ++........             (no amulet)
HPRegen  0.13/turn              e - ring of willpower
MPRegen  0.11/turn              o - ring of see invisible

@: lethally poisoned (0 -> -10), flying
A: unfitting armour, big wings, clumsy 1, cold resistance 1, cold-blooded,
subdued magic 1, AC +5
a: Fly


You were on level 2 of the Dungeon.
You visited 1 branch of the dungeon, and saw 4 of its levels.

You collected 213 gold pieces.

Inventory:

Armour
 i - a +0 robe
 p - a +0 cloak (worn)
Jewellery
 e - a ring of willpower (left hand)
 o - a ring of see invisible (right hand)
Scrolls
 b - 2 scrolls of remove curse
 d - a scroll of enchant weapon {unknown}
 f - 5 scrolls of identify {unknown}
 g - a scroll of immolation {unknown}
 j - a scroll of teleportation {unknown}
 m - a scroll of magic mapping {unknown}
Potions
 a - a potion of flight
 c - a potion of invisibility {unknown}
 h - 3 potions of mutation
 k - a potion of lignification {unknown}
 l - a potion of curing {unknown}
 n - a potion of degeneration {unknown}


   Skills:
 + Level 0.3 Fighting
 + Level 2.0 Dodging
 - Level 2.0 Stealth
 + Level 3.2 Spellcasting
 + Level 2.6 Conjurations
 + Level 4.4 Fire Magic


You had 3 spell levels left.
You knew the following spells:

 Your Spells              Type           Power        Failure   Level
a - Foxfire               Conj/Fire      44%          3%          1
b - Inner Flame           Hex/Fire       8%           17%         3
c - Conjure Flame         Conj/Fire      11%          10%         3

Your spell library contained the following spells:

 Spells                   Type           Power        Failure   Level
 Sticky Flame             Conj/Fire      11%          32%         4
 Fireball                 Conj/Fire      5%           69%         5


Dungeon Overview and Level Annotations

Branches:
Dungeon (4/15)
 Temple: D:4-7

Altars:


Innate Abilities, Weirdness & Mutations

Your plain brown scales are hard. (AC +5)
You cannot fit into any form of body armour.
You are cold-blooded and may be slowed by cold attacks.
Your large and strong wings let you fly indefinitely.
You are clumsy. (Dex -2)
Your flesh is cold resistant. (rC+)
Your spells are a little easier to cast, but a little less powerful.


Message History

The scorpion stings you.
* * * LOW HITPOINT WARNING * * *
There is a stone staircase leading up here.
The scorpion stings you but does no damage.
You climb upwards.
There is a stone staircase leading down here.
The scorpion stings you.
* * * LOW HITPOINT WARNING * * *
You are lethally poisoned!
The scorpion poisons you!
It was a potion of flight.
You feel very buoyant.
You fly up into the air.
* * * LOW HITPOINT WARNING * * *
You feel sick. The scorpion stings you!
* * * LOW HITPOINT WARNING * * *
It was a potion of mutation.
You feel extremely strange.
You feel resistant to cold.
Your connection to magic feels subdued.
You feel clumsy.
Your wings grow larger and stronger.
You die...

###############
#.............#
#.###########.#
#.#......#....#
#.#.####.#.##.#
#.#.#..#.#.####
##########.#.#..#s#.#
................@>#.#
######.#.###.#..###.#
#.#.# #.#..# #.#
#.#.# #.#..# #.#
#.#.# #.#<####.# ##
#.#.# #.#...##.# .#
#.#.# #.#......# .#
#.#.# #.#.#.#### .#
#.#.# #.#.#...#


You could see a scorpion.

Vanquished Creatures
  A sky beast (D:3)
  2 adders
  2 dart slugs (D:1)
  3 worms
  4 leopard geckos
  An orc (D:3)
  5 bats
  5 giant cockroaches
  2 goblins (D:3)
  17 hobgoblins
  6 jackals
  A quokka (D:2)
  A ball python (D:3)
  2 frilled lizards
  7 kobolds
  5 rats
64 creatures vanquished.

Vanquished Creatures (collateral kills)
  3 foxfires (D:1)
3 creatures vanquished.

Vanquished Creatures (others)
  202 foxfires
  11 plants (D:1)
213 creatures vanquished.

Grand Total: 280 creatures vanquished

Notes
Turn   | Place    | Note
-------+----------+-------------------------------------------
     0 | D:1      | SirKnigget the Draconian Fire Elementalist began the quest
                  | for the Orb.
     0 | D:1      | Reached XP level 1. HP: 14/14 MP: 3/3
   383 | D:1      | Reached XP level 2. HP: 14/20 MP: 0/5
  1252 | D:1      | Reached XP level 3. HP: 26/26 MP: 4/6
  2757 | D:3      | Reached skill level 4 in Fire Magic
  2768 | D:3      | Learned a level 3 spell: Inner Flame
  2862 | D:3      | Reached XP level 4. HP: 25/33 MP: 2/7
  2976 | D:3      | Found a faded altar of an unknown god.
  3590 | D:4      | Noticed a sky beast
  3604 | D:3      | Killed a sky beast
  3605 | D:3      | Reached XP level 5. HP: 21/39 MP: 3/9
  3841 | D:3      | Learned a level 3 spell: Conjure Flame
  3887 | D:2      | HP: 1/39 [scorpion (8)]
  3888 | D:2      | Gained mutation: Your flesh is cold resistant. (rC+)
                  | [potion of mutation]
  3888 | D:2      | Gained mutation: Your spells are a little easier to cast,
                  | but a little less powerful. [potion of mutation]
  3888 | D:2      | Gained mutation: You are clumsy. (Dex -2) [potion of
                  | mutation]
  3888 | D:2      | Gained mutation: Your large and strong wings let you fly
                  | indefinitely. [potion of mutation]
  3888 | D:2      | Succumbed to a scorpion's poison

Illustrated notes

Levels and vault maps discovered:
D:1:      tarquinn_simple_flora_water_e, layout_loops_ring, serial_forest,
          infiniplex_forest_corner_2, infiniplex_forest_clump_double,
          infiniplex_forest_clump_long, infiniplex_forest_fountain,
          infiniplex_forest_clump_small, infiniplex_forest_3_way,
          infiniplex_forest_lined_3, minmay_pentomino_p2
D:2:      minmay_wonky_spiral, layout_basic
D:3:      layout_rooms, chequers_ecumenical_altar_simple
D:4:      black_bear_nest_2, layout_basic, kb_xom_exploding_sheep

Skill      XL: |  1  2  3  4 |
---------------+-------------+-----
Stealth        | 2 |  2.0
Fire Magic     | 4 |  4.4
Dodging        | 2 |  2.0
Conjurations   | 2 |  2.6
Spellcasting   | 3 |  3.2
Fighting       | |  0.3

Action                   |  1- 3 |  4- 6 || total
-------------------------+-------+-------++-------
Melee: Unarmed           |    20 |       ||    20
       Tailslap          |     2 |       ||     2
 Cast: Foxfire           |    94 |    53 ||   147
       Inner Flame       |       |     2 ||     2
       Conjure Flame     |       |     2 ||     2
  Use: Scroll            |     1 |       ||     1
       Potion            |       |     2 ||     2
Armor: Skin              |    26 |    15 ||    41
Dodge: Dodged            |    61 |    22 ||    83
